 Dungeon Crawl Stone Soup version 0.31-a0-277-g31ea1f6 (webtiles) character file.

Game seed: 8905837348209952887

1757 Dawnplanks the Protected (level 8, 0/74 HPs)
             Began as a Minotaur Fighter on July 15, 2023.
             Killed from afar by an orc wizard (7 damage)
             ... with a puff of flame
             ... on level 6 of the Dungeon.
             The game lasted 00:07:18 (4602 turns).

Dawnplanks the Protected (Minotaur Fighter)         Turns: 4602, Time: 00:07:18

Health: 0/74       AC: 11    Str: 24    XL:     8   Next: 79%
Magic:  7/7        EV:  9    Int: 11    God:
Gold:   651        SH:  0    Dex:  9    Spells: 7/7 levels left

rFire   . . .        z - +7 lajatang of Order {silver, rMut}
rCold   . . .        (shield currently unavailable)
rNeg    . . .        A - +0 chain mail
rPois   .            (helmet restricted)
rElec   .            (no cloak)
rCorr   .            (no gloves)
SInv    .            (no boots)
Will    .....        (no amulet) Stlth
                     C - +6 ring of intelligence
HPRegen 0.32/turn    (no ring)
MPRegen 0.10/turn

%: resist mutation
@: confused, mighty
A: horns 2, retaliatory headbutt
a: no special abilities


You were on level 6 of the Dungeon.
You visited 2 branches of the dungeon, and saw 7 of its levels.

You collected 651 gold pieces.

Inventory:

Hand Weapons
 a - a +0 flail
 j - a +2 hand axe of electrocution
 z - the +7 lajatang of Order (weapon) {silver, rMut}
   (You found it on level 4 of the Dungeon)

   rMut:      It protects you from mutation.
Missiles
 b - 2 boomerangs (quivered)
 f - a throwing net
Armour
 c - a +0 buckler
 A - a +0 chain mail (worn)
Jewellery
 C - a +6 ring of intelligence (left hand)
Wands
 x - a wand of flame (7)
 D - a wand of polymorph (4)
Scrolls
 h - 2 scrolls of enchant weapon {unknown}
 l - a scroll of vulnerability {unknown}
 m - a scroll of poison {unknown}
 n - a scroll of silence {unknown}
 p - a scroll of immolation {unknown}
 r - 3 scrolls of identify {unknown}
 s - a scroll of acquirement {unknown}
 y - a scroll of fog {unknown}
 B - a scroll of revelation {unknown}
Potions
 e - 2 potions of degeneration {unknown}
 g - 5 potions of curing {unknown}
 i - 4 potions of haste {unknown}
 k - 2 potions of brilliance {unknown}
 o - 2 potions of heal wounds {unknown}
 q - a potion of enlightenment {unknown}
 t - a potion of cancellation {unknown}
 u - 3 potions of attraction {unknown}
 v - a potion of mutation {unknown}
 w - 2 potions of lignification {unknown}


   Skills:
 + Level 8.2 Fighting
 - Level 1.8(3.6) Axes
 - Level 5.0(5.1) Maces & Flails
 + Level 9.6 Armour
 + Level 3.0 Dodging
 + Level 5.1 Shields


You had 7 spell levels left.
You didn't know any spells.
Your spell library contained the following spells:

 Spells                   Type           Power      Damage    Failure   Level
 Apportation              Tloc           0%         N/A       83%         1
 Sandblast                Erth           0%         2d4       83%         1
 Cigotuvi's Dreadful Rot  Necr/Pois/Air  0%         N/A       93%         2
 Passwall                 Tmut/Erth      0%         N/A       93%         2
 Poisonous Vapours        Pois/Air       0%         N/A       93%         2
 Ignite Poison            Fire/Tmut/Pois 0%         N/A       99%         3
 Mephitic Cloud           Conj/Pois/Air  0%         N/A       99%         3
 Portal Projectile        Hex/Tloc       0%         N/A       99%         3
 Stone Arrow              Conj/Erth      0%         3d7       99%         3
 Tukima's Dance           Hex            0%         N/A       99%         3
 Iskenderun's Mystic Bla  Conj/Tloc      0%         2d3       100%        4
 Alistair's Intoxication  Tmut/Pois      0%         N/A       100%        5
 Freezing Cloud           Conj/Ice/Air   0%         6-21      100%        5


Dungeon Overview and Level Annotations

Branches:
Dungeon (6/15)             Temple (1/1) D:5

Altars:
Cheibriados
Dithmenos
Elyvilon
Gozag
Hepliaklqana
Makhleb
Okawaru
Sif Muna
Trog
Uskayaw
Wu Jian
Yredelemnul
Zin

Shops:
D:4 :


Innate Abilities, Weirdness & Mutations

You have a pair of horns on your head.
You reflexively headbutt those who attack you in melee.


Message History

You hear some strange, mumbled words.
You are confused.
The orc warrior unwields a +0 trident.
The orc warrior wields a +0 orcbow.
The orc warrior shoots an arrow.
The arrow barely misses you.
You see here a +0 club.
You feel very mighty all of a sudden.
You bump into the rock wall.
The orc warrior shoots an arrow.
The arrow barely misses you.
You hear a shout!
You bump into the rock wall.
The orc warrior shoots an arrow.
The arrow hits you but does no damage.
You hear some strange, mumbled words.
You are more confused.
You bump into the rock wall.
You hear some strange, mumbled words.
A puff of flame appears from out of thin air!
The puff of flame hits you.
You barely miss something.
An orc wizard comes into view. It is wielding a +0 dagger.
Something hits you.
* * * LOW HITPOINT WARNING * * *
The orc warrior unwields a +0 orcbow.
The orc warrior wields a +0 trident.
The orc warrior hits you with a +0 trident.
* * * LOW HITPOINT WARNING * * *
You slash the orc warrior!
You kill the orc warrior!
Something hits you.
* * * LOW HITPOINT WARNING * * *
The orc throws a boomerang.
The boomerang closely misses you. Something hits you.
* * * LOW HITPOINT WARNING * * *
The orc hits you with a +0 war axe!
* * * LOW HITPOINT WARNING * * *
You slice something!!
Reactivating autopickup.
You feel a bit more experienced.
Your Dodging skill increases to level 3!
The orc wizard gestures at you while chanting.
The puff of flame hits you!
You die...

.. ..# ... #.### # ...###...
.### ......##... #.#..... ..
#...†.# .... #...#### .....
####..o)o.# #....
##....###o@####.... #..####
#...#....# #.## ###...#..#
#.$$$# #####.....#
..o.o_$............###
#...o.$$$..#####..#....#
...o..###........##.##......
#.oo.. ##########.# ######
.o...$ #....#


You could see an orc wizard and 2 orcs.

Vanquished Creatures
  Sigmund (D:2)
  3 water moccasins
  2 ice beasts
  An orc warrior (D:6)
  A black bear (D:6)
  2 centaurs
  2 phantoms
  A scorpion (D:5)
  2 hounds
  3 jellies
  4 sleepcaps
  Jessica (D:2)
  An iguana (D:4)
  3 orc wizards
  A gnoll (D:5)
  3 adders
  2 shadow imps (D:5)
  3 ufetubi (D:5)
  2 worms
  3 dart slugs
  8 orcs
  4 bats
  10 endoplasms
  A giant cockroach (D:3)
  10 goblins
  5 hobgoblins
  5 jackals
  6 kobolds
  2 quokkas (D:1)
  8 ball pythons
  7 frilled lizards
  2 rats
  A spectral goblin (D:1)
110 creatures vanquished.

Vanquished Creatures (others)
  A wizard (D:3)
1 creature vanquished.

Grand Total: 111 creatures vanquished

Notes
Turn   | Place    | Note
-------+----------+-------------------------------------------
     0 | D:1      | Dawnplanks the Minotaur Fighter began the quest for the
                  | Orb.
     0 | D:1      | Reached XP level 1. HP: 19/19 MP: 0/0
    37 | D:1      | Reached XP level 2. HP: 18/27 MP: 1/1
   190 | D:1      | Reached skill level 4 in Armour
   481 | D:1      | Found a faded altar of an unknown god.
   488 | D:1      | Reached XP level 3. HP: 33/33 MP: 2/2
   846 | D:2      | Noticed Sigmund
   866 | D:2      | Killed Sigmund
   867 | D:2      | Reached skill level 5 in Armour
   867 | D:2      | Reached XP level 4. HP: 11/41 MP: 3/3
   867 | D:2      | Reached XP level 5. HP: 13/47 MP: 4/4
  1135 | D:2      | Noticed Jessica
  1143 | D:2      | Killed Jessica
  1144 | D:2      | Reached skill level 1 in Axes
  1346 | D:2      | Found an iron altar of Okawaru.
  1830 | D:3      | Found a hide-covered altar of Uskayaw.
  1841 | D:3      | Found a bloodstained altar of Trog.
  1845 | D:3      | Noticed a wizard
  1850 | D:3      | Killed a wizard
  2118 | D:3      | Reached XP level 6. HP: 55/55 MP: 5/5
  2370 | D:4      | Reached skill level 5 in Fighting
  2370 | D:4      | Reached skill level 5 in Maces & Flails
  2370 | D:4      | Reached skill level 1 in Dodging
  2509 | D:4      | Found the +7 lajatang of Order {silver, rMut}
  2699 | D:4      | Found Fueloid's Vocational Training.
  2839 | D:4      | Found a shadowy altar of Dithmenos.
  2847 | D:4      | Reached skill level 6 in Armour
  2877 | D:4      | Reached XP level 7. HP: 48/61 MP: 6/6
  3203 | D:5      | Entered Level 5 of the Dungeon
  3329 | D:5      | Reached skill level 7 in Armour
  3662 | D:5      | Identified the +0 robe of the Wilderness {+Inv rElec}
  3801 | D:5      | Reached XP level 8. HP: 53/71 MP: 7/7
  3806 | D:5      | Reached skill level 8 in Armour
  3806 | D:5      | Reached skill level 5 in Shields
  4166 | D:5      | Found a staircase to the Ecumenical Temple.
  4175 | Temple   | Entered the Ecumenical Temple
  4461 | D:6      | Reached skill level 9 in Armour
  4569 | D:6      | Found an opulent altar of Gozag.
  4602 | D:6      | Killed from afar by an orc wizard

Illustrated notes

Levels and vault maps discovered:
D:1:      amcnicky_arrival_choice, layout_basic,
          dreamdust_ecumenical_altar_drowned_temple
D:2:      layout_loops_ring, basic_altar, due_unseen_surprise, uniq_sigmund,
          uniq_jessica
D:3:      layout_rooms, nicolae_uskayaw_murder_on_the_dancefloor, trog_wizard,
          minmay_misc_feat_doors
D:4:      layout_basic, grunt_dithmenos_smoke, nicolae_shop_vocational
D:5:      minmay_polygon_palace, layout_loops_ring,
          minmay_temple_entry_mini_moons
D:6:      layout_rooms, nicolae_gozag_seed_capital, ashenzari_altar_1,
          lemuel_zombie_altar_kikubaaqudgha, kennysheep_generic_room_14
Temple:   hellmonk_temple_beads

Skill      XL: |  1  2  3  4  5  6  7  8 |
---------------+-------------------------+-----
Fighting       | 4 5 6 8 |  8.2
Armour         | 4 5 6 7 9 |  9.6
Shields        | 4 5 |  5.1
Maces & Flails | 4 5 |  5.0
Axes           | 1 |  1.8
Dodging        | 1 2 3 |  3.0

Action                     |  1- 3 |  4- 6 |  7- 9 || total
---------------------------+-------+-------+-------++-------
  Melee: Flail             |    73 |       |       ||    73
         Headbutt          |     7 |     7 |    10 ||    24
         Hand axe          |    11 |    53 |       ||    64
         Lajatang          |       |    25 |    73 ||    98
    Use: Potion            |       |       |     1 ||     1
 Armour: Scale mail        |    42 |    18 |       ||    60
         Chain mail        |       |     9 |    40 ||    49
  Dodge: Dodged            |    34 |    45 |    51 ||   130
  Block: Buckler           |    13 |    14 |       ||    27

Table legend: (Time is in decaauts)
 A = Elapsed time spent in this place.
 B = Non-inter-level travel time spent in this place.
 C = Inter-level travel time spent in this place.
 D = Time resting spent in this place.
 E = Time spent auto-exploring this place.
 F = Levels seen in this place.
 G = Mean time per level.
                   A        B        C        D        E       F      G
               +--------+--------+--------+--------+--------+-----+--------+
         Total |   4663 |   4416 |    247 |     13 |   3721 |   7 |  666.1 |
       Dungeon |   4558 |   4322 |    236 |     13 |   3636 |   6 |  759.7 |
        Temple |    104 |     93 |     11 |      0 |     85 |   1 |  104.0 |
               +--------+--------+--------+--------+--------+-----+--------+

Top non-repeatable levels by time:
     D:5: 1157 daAuts
     D:2: 917 daAuts
     D:4: 892 daAuts
     D:1: 854 daAuts
     D:3: 583 daAuts
     D:6: 154 daAuts
  Temple: 104 daAuts
